 Seeded DCSS version 0.30.1-11-g7821555f0a (webtiles) character file.

Game seed: 6245884229887761738 (custom seed)

469 Psyclone the Destroyer (level 6, 26/32 HPs)
             Began as a Deep Elf Conjurer on Nov 10, 2023.
             Was an Initiate of Gozag.
             Quit the game on level 5 of the Dungeon.
             The game lasted 00:01:37 (756 turns).

Psyclone the Destroyer (Deep Elf Conjurer)           Turns: 756, Time: 00:01:38

Health: 26/32      AC:  6    Str:  4    XL:     6   Next: 82%
Magic:  12/12      EV: 12    Int: 28    God:    Gozag
Gold:   154        SH:  0    Dex: 13    Spells: 6/11 levels left

rFire   x . .        (no weapon)
rCold   . . .        (no shield)
rNeg    . . .        a - +0 robe
rPois   .            e - +2 helmet {Int+3}
rElec   .            (no cloak)
rCorr   .            (no gloves)
SInv    .            (no boots)
Will    .....        c - amulet of magic regeneration
Stlth   ++           (no ring)
HPRegen 1.05/turn    (no ring)
MPRegen 0.53/turn

%: clarity
@: no status effects
A: talons 1, clarity, regeneration 1, shaggy fur 1, heat vulnerability 1
a: Renounce Religion, Potion Petition, Call Merchant, Bribe Branch


You were on level 5 of the Dungeon.
You worshipped Gozag.
Gozag was aware of your devotion.
You visited 1 branch of the dungeon, and saw 5 of its levels.
You also visited: Sewer.

You collected 154 gold pieces.

Inventory:

Armour
 a - a +0 robe (worn)
 e - a +2 helmet of intelligence (worn)
Jewellery
 c - an amulet of magic regeneration (around neck)
Scrolls
 f - a scroll of teleportation
 g - a scroll of blinking {unknown}
 h - a scroll of fog {unknown}
 i - 4 scrolls of identify {unknown}
 j - a scroll of silence {unknown}
 l - a scroll of acquirement {unknown}
Potions
 b - a potion of magic
 k - a potion of curing {unknown}


   Skills:
 - Level 2.4 Dodging
 - Level 2.4 Stealth
 - Level 3.0 Spellcasting
 + Level 9.1 Conjurations


You had 6 spell levels left.
You knew the following spells:

 Your Spells              Type           Power      Damage    Failure   Level
a - Magic Dart            Conj           100%       1d8       1%          1
b - Searing Ray           Conj           100%       2d8       1%          2
c - Passwall              Tmut/Erth      3%         N/A       12%         2

Your spell library contained the following spells:

 Spells                   Type           Power      Damage    Failure   Level
 Dazzling Flash           Conj/Hex       58%        N/A       3%          3
 Stone Arrow              Conj/Erth      58%        3d10      3%          3
 Sandblast                Erth           8%         2d5       9%          1
 Fulminant Prism          Conj/Hex       14%        3d8       13%         4
 Iskenderun's Mystic Bla  Conj/Tloc      29%        2d7       13%         4


Dungeon Overview and Level Annotations

Branches:
Dungeon (5/15) Zot: 26875   Sewer (visited)
 Temple: D:4-7

Altars:
Gozag


Innate Abilities, Weirdness & Mutations

You have sharp toenails.
You possess an exceptional clarity of mind.
Your natural rate of healing is unusually fast.
You are covered in fur. (AC +1)
You are vulnerable to heat. (rF-)


Message History

Confirm with . or Enter, or press ? or * to list all spells.
Aiming: Searing Ray (safe; 1% risk of failure)
Press: ? - help, Shift-Dir - straight line, f/p - Prince Ribbit
Aim: Prince Ribbit (heavily wounded, 68% to hit)
The searing ray hits Prince Ribbit!
Prince Ribbit is heavily wounded. (Press . to maintain the ray.) Prince Ribbit hits you.
You take 4 damage, and have 24/32 hp.
You now have 6/12 mp.
The searing ray hits Prince Ribbit!
Prince Ribbit is almost dead.
Prince Ribbit misses you. Prince Ribbit closely misses you.
The searing ray misses Prince Ribbit.
Prince Ribbit hits you.
You take 6 damage, and have 18/32 hp.
You now have 5/12 mp.
The searing ray hits Prince Ribbit!
You kill Prince Ribbit!
Prince Ribbit returns to his original shape as he dies.
You finish channelling your searing ray.
Your Conjurations skill increases to level 9!
You start resting.
Magic restored.
You regained 4 hp, and now have 22/32 hp.
MP restored: 12 You start resting.
You feel a genetic drift.
You feel clever.
You no longer feel a hidden potential within.
You regained 2 hp, and now have 24/32 hp.
Really quaff the potion of mutation?
You feel extremely strange.
Your iridescent scales disappear.
You feel weaker.
Your thinking seems confused.
You feel your magical essence link to the dungeon's wands.
You begin to heal more quickly.
Your toenails lengthen and sharpen.
Really quaff the potion of mutation?
You feel extremely strange.
Your magical essence no longer links to wands of the dungeon.
You feel stupid.
Your thoughts seem clearer.
You feel vulnerable to heat.
Unknown command.
Are you sure you want to abandon this character and quit the game? (Confirm with "yes".)

.: .## ..# ...
#.# ..# ....
#.##.# #...#
##...# #....#
###....#
#.....##.....##
#....$......)##
#.....@.......##
#....####......#
#..# ##.....##
#. #......##
#.......###
#.........##
#....).....##
#...........##
#............#


There were no monsters in sight!

Vanquished Creatures
  Prince Ribbit (D:5)
  2 ice beasts (D:5)
  A jelly (D:5)
  A hell rat (Sewer)
  A river rat (Sewer)
  An orc (D:4)
  3 bats
  4 endoplasms
  7 quokkas
  4 ball pythons
  A kobold (D:1)
  4 rats
30 creatures vanquished.

Notes
Turn   | Place    | Note
-------+----------+-------------------------------------------
     0 | D:1      | Psyclone the Deep Elf Conjurer began the quest for the Orb.
     0 | D:1      | Reached XP level 1. HP: 10/10 MP: 6/6
    76 | D:1      | Found a faded altar of an unknown god.
    98 | D:1      | Prayed at the altar of an unknown god.
    98 | D:1      | Became a worshipper of Gozag Ym Sagoz the Greedy
   103 | D:1      | Reached XP level 2. HP: 15/15 MP: 6/8
   153 | D:2      | Learned a level 2 spell: Searing Ray
   183 | D:2      | Learned a level 2 spell: Passwall
   210 | D:2      | Reached skill level 5 in Conjurations
   377 | D:3      | Found a glowing drain.
   400 | Sewer    | Entered a sewer
   448 | Sewer    | Reached XP level 3. HP: 19/19 MP: 3/9
   532 | Sewer    | Reached skill level 6 in Conjurations
   574 | Sewer    | Gained mutation: You possess an exceptional clarity of
                  | mind. [potion of mutation]
   574 | Sewer    | Gained mutation: You are robust. (+10% HP) [potion of
                  | mutation]
   574 | Sewer    | Gained mutation: Your flesh is heat resistant. (rF+)
                  | [potion of mutation]
   575 | Sewer    | Lost mutation: You are robust. (+10% HP) [potion of
                  | mutation]
   575 | Sewer    | Lost mutation: Your flesh is heat resistant. (rF+) [potion
                  | of mutation]
   575 | Sewer    | Gained mutation: You are covered in fur. (AC +1) [potion of
                  | mutation]
   575 | Sewer    | Gained mutation: You have hidden genetic potential. [potion
                  | of mutation]
   575 | Sewer    | Gained mutation: Your muscles are strong. (Str +4, Int/Dex
                  | -1) [potion of mutation]
   631 | D:5      | Entered Level 5 of the Dungeon
   658 | D:5      | Reached XP level 4. HP: 24/24 MP: 7/10
   663 | D:5      | Noticed an ice beast
   672 | D:5      | Killed an ice beast
   673 | D:5      | Reached skill level 7 in Conjurations
   673 | D:5      | Reached XP level 5. HP: 28/28 MP: 3/11
   675 | D:5      | Gained mutation: You are partially covered in iridescent
                  | scales. (AC +2) [hidden potential]
   685 | D:5      | Noticed an ice beast
   690 | D:5      | Killed an ice beast
   691 | D:5      | Reached skill level 8 in Conjurations
   691 | D:5      | Reached XP level 6. HP: 32/32 MP: 7/12
   719 | D:5      | Noticed Prince Ribbit
   729 | D:5      | Killed Prince Ribbit
   730 | D:5      | Reached skill level 9 in Conjurations
   753 | D:5      | Gained mutation: Your mind is acute. (Int +4, Str/Dex -1)
                  | [hidden potential]
   753 | D:5      | Lost mutation: You have hidden genetic potential. [hidden
                  | potential expressed]
   754 | D:5      | Lost mutation: You are partially covered in iridescent
                  | scales. (AC +2) [potion of mutation]
   754 | D:5      | Lost mutation: Your muscles are strong. (Str +4, Int/Dex
                  | -1) [potion of mutation]
   754 | D:5      | Lost mutation: You possess an exceptional clarity of mind.
                  | [potion of mutation]
   754 | D:5      | Gained mutation: You expend magic power (3 MP) to
                  | strengthen your wands. [potion of mutation]
   754 | D:5      | Gained mutation: Your natural rate of healing is unusually
                  | fast. [potion of mutation]
   754 | D:5      | Gained mutation: You have sharp toenails. [potion of
                  | mutation]
   755 | D:5      | Lost mutation: You expend magic power (3 MP) to strengthen
                  | your wands. [potion of mutation]
   755 | D:5      | Lost mutation: Your mind is acute. (Int +4, Str/Dex -1)
                  | [potion of mutation]
   755 | D:5      | Gained mutation: You possess an exceptional clarity of
                  | mind. [potion of mutation]
   755 | D:5      | Gained mutation: You are vulnerable to heat. (rF-) [potion
                  | of mutation]
   756 | D:5      | Quit the game

Illustrated notes

Levels and vault maps discovered:
D:1:      dpeg_arrival_arbitrary_a, layout_rooms,
          shapermc_ecumenical_altar_mp_highgroup, hangedman_abyss_or_decor_stabs
D:2:      layout_loops_cross, uniq_natasha
D:3:      layout_basic, nicolae_hepliaklqana_hazy_memory,
          nicolae_elyvilon_temple_path, mainiacjoe_overflow_small_starburst,
          gup_sewer_entry_pipe, dreamdust_princess_bridge, st_stairs_12,
          uniq_terence
D:4:      layout_basic, temple_pool_b, grunt_ministairs_10, uniq_ijyb
D:5:      layout_layer_cave, uniq_prince_ribbit1

Skill      XL: |  1  2  3  4  5  6 |
---------------+-------------------+-----
Conjurations   | 5 6 7 8 9 |  9.1
Dodging        | |  2.4
Stealth        | |  2.4
Spellcasting   | |  3.0

Action                     |  1- 3 |  4- 6 || total
---------------------------+-------+-------++-------
  Melee: Unarmed           |     1 |       ||     1
   Cast: Magic Dart        |    30 |     5 ||    35
         Passwall          |     5 |       ||     5
         Searing Ray       |     3 |     5 ||     8
    Use: Scroll            |     2 |       ||     2
         Potion            |     2 |     2 ||     4
 Armour: Robe              |     1 |     2 ||     3
  Dodge: Dodged            |     2 |     5 ||     7
